 Dungeon Crawl Stone Soup version 0.28-a0-1493-g08698888e4 (webtiles) character file.

Game seed: 6807993388591650594

140 riojii the Skirmisher (level 5, -5/34 HPs)
             Began as a Gargoyle Fighter on Jan 13, 2022.
             Slain by a wyvern (9 damage)
             ... on level 4 of the Dungeon.
             The game lasted 00:04:53 (2872 turns).

riojii the Skirmisher (Gargoyle Fighter)            Turns: 2872, Time: 00:04:53

Health: -5/34      AC: 16    Str: 21    XL:     5   Next: 23%
Magic:  5/5        EV:  7    Int:  9    God:
Gold:   175        SH:  4    Dex:  9    Spells: 4/4 levels left

rFire   . . .      SeeInvis .   a - +0 flail
rCold   . . .      Faith    .   c - +0 buckler
rNeg    + . .      Spirit   .   h - +0 chain mail
rPois   ∞          Reflect  .   (no helmet)
rElec   +          Harm     .   (no cloak)
rCorr   .          Rampage  .   (no gloves)
Will    .....                   e - +2 pair of boots {Stlth+}
Stlth   ..........              (no amulet)
HPRegen 0.11/turn               (no ring)
MPRegen 0.09/turn               (no ring)

@: mighty, hasted, very quick
A: sickness immunity, AC +4, negative energy resistance 1, electricity
resistance, torment resistance 1, petrification resistance
a: no special abilities


You were on level 4 of the Dungeon.
You visited 1 branch of the dungeon, and saw 4 of its levels.

You collected 175 gold pieces.

Inventory:

Hand Weapons
 a - a +0 flail (weapon)
Armour
 c - a +0 buckler (worn)
 e - a +2 pair of boots of stealth (worn)
 h - a +0 chain mail (worn)
Potions
 i - 4 potions of curing
 l - a potion of heal wounds {unknown}
 m - a potion of resistance {unknown}


   Skills:
 + Level 4.3 Fighting
 + Level 3.1 Maces & Flails
 + Level 4.2 Armour
 + Level 4.1 Shields


You had 4 spell levels left.
You didn't know any spells.
Your spell library contained the following spells:

 Spells                   Type           Power      Damage    Failure   Level
 Conjure Flame            Conj/Fire      0%         6-21      100%        3
 Ignite Poison            Fire/Tmut/Pois 0%         N/A       100%        3
 Sticky Flame             Conj/Fire      0%         2d3       100%        4


Dungeon Overview and Level Annotations

Branches:
Dungeon (4/15)
 Temple: D:4-7

Altars:


Innate Abilities, Weirdness & Mutations

You are immune to sickness and miasma.
Your stone body is resilient. (AC +4)
You are immune to poison.
You resist negative energy. (rN+)
You are resistant to electric shocks. (rElec)
You are resistant to unholy torment.
You are immune to petrification.


Message History

You see here 18 bolts.
There is a stone staircase leading down here.
You climb downwards.
You hear the sound of rushing water.
There is an entrance to a sewer on this level.
Hurry and find it before the portal rusts away!
Found a stone staircase leading down.
There is a stone staircase leading up here.
A wyvern comes into view.
The wyvern hisses angrily.
The wyvern bites you!
You barely miss the wyvern. The wyvern bites you!
You block the wyvern's attack.
You are too injured to fight recklessly!
You feel yourself speed up.
The wyvern bites you but does no damage.
You feel very mighty all of a sudden.
The wyvern bites you but does no damage.
You are too injured to fight recklessly!
You hit the wyvern.
The wyvern is moderately wounded.
The wyvern bites you but does no damage.
You closely miss the wyvern.
The wyvern is moderately wounded.
The wyvern bites you!
* * * LOW HITPOINT WARNING * * *
You block the wyvern's attack.
You hit the wyvern.
The wyvern is heavily wounded.
The wyvern barely misses you.
You closely miss the wyvern.
The wyvern is heavily wounded.
You block the wyvern's attack.
You hit the wyvern.
The wyvern is heavily wounded.
You block the wyvern's attack.
The wyvern bites you but does no damage.
You barely miss the wyvern.
The wyvern is heavily wounded.
The wyvern bites you!
You die...

.>...#
....#
...#
#..#
#..#
#.<#
#.#####
#.....#
#@.####
#l....#
##..#.+
..# +
..# ..#
..# .##


You could see a wyvern.

Vanquished Creatures
  6 adders
  3 worms
  A dart slug (D:2)
  An orc (D:3)
  2 endoplasms (D:1)
  2 giant cockroaches
  5 goblins
  10 hobgoblins
  4 jackals (D:2)
  A quokka (D:1)
  8 ball pythons
  5 bats
  9 frilled lizards
  13 kobolds
  3 rats
73 creatures vanquished.

Notes
Turn   | Place    | Note
-------+----------+-------------------------------------------
     0 | D:1      | riojii the Gargoyle Fighter began the quest for the Orb.
     0 | D:1      | Reached XP level 1. HP: 14/14 MP: 1/1
   128 | D:1      | Reached XP level 2. HP: 19/19 MP: 2/2
   448 | D:1      | Found a faded altar of an unknown god.
   581 | D:1      | Reached XP level 3. HP: 12/23 MP: 3/3
  1594 | D:2      | Reached XP level 4. HP: 29/29 MP: 4/4
  2479 | D:3      | Reached XP level 5. HP: 28/33 MP: 5/5
  2810 | D:3      | Gained mutation: Your magical capacity is low. (-10% MP)
                  | [potion of mutation]
  2810 | D:3      | Lost mutation: Your magical capacity is low. (-10% MP)
                  | [potion of mutation]
  2861 | D:4      | Noticed a wyvern
  2872 | D:4      | Slain by a wyvern

Illustrated notes

Levels and vault maps discovered:
D:1:      eino_arrival_cavern_e, layout_loops_ring,
          hellmonk_ecumenical_altar_lost_god, minmay_quantized
D:2:      layout_loops_cross
D:3:      layout_rooms, serial_curves, eino_curves_01, eino_curves_04,
          minmay_diced_spiral
D:4:      layout_basic, cheibrodos_ashenzari_chains,
          cheibrodos_sewer_entry_bend, grunt_ministairs_12,
          minmay_misc_feat_room, hex_large, kennysheep_generic_room_12,
          uniq_pargi

Skill      XL: |  1  2  3  4 |
---------------+-------------+-----
Fighting       | 4 |  4.3
Armour         | 4 |  4.2
Shields        | 4 |  4.1
Maces & Flails | 3 |  3.1

Action                   |  1- 3 |  4- 6 || total
-------------------------+-------+-------++-------
Melee: Flail             |   192 |   111 ||   303
  Use: Scroll            |     5 |     3 ||     8
       Potion            |       |     3 ||     3
Armor: Scale mail        |    76 |       ||    76
       Chain mail        |    79 |    85 ||   164
Dodge: Dodged            |   115 |    47 ||   162
Block: Buckler           |    49 |    35 ||    84

Table legend: (Time is in decaauts)
 A = Elapsed time spent in this place.
 B = Non-inter-level travel time spent in this place.
 C = Inter-level travel time spent in this place.
 D = Time resting spent in this place.
 E = Time spent auto-exploring this place.
 F = Levels seen in this place.
 G = Mean time per level.
                   A        B        C        D        E       F      G
               +--------+--------+--------+--------+--------+-----+--------+
         Total |   2962 |   2828 |    134 |    241 |   1880 |   4 |  740.5 |
       Dungeon |   2962 |   2828 |    134 |    241 |   1880 |   4 |  740.5 |
               +--------+--------+--------+--------+--------+-----+--------+

Top non-repeatable levels by time:
     D:1: 1249 daAuts
     D:3: 877 daAuts
     D:2: 824 daAuts
     D:4: 12 daAuts
